| TOP OF THE 1ST |
|
Vermont Lake Monsters batting - Pitching for Aberdeen Ironbirds : LHP Freddy Gutierrez
|
|
Pitching: LHP Freddy Gutierrez
|
|
|
Batting: RHB Carlos Martinez
|
0-0: Called Strike 0-1: Ball 1-1: Swinging Strike 1-2: Foul Ball, location: 2F 1-2: Strikes out swinging
|
|
Batting: RHB Bastiaan Leenders
|
0-0: Ball 1-0: Called Strike 1-1: Called Strike 1-2: Ball 2-2: Strikes out swinging
|
|
Batting: RHB Edgar Landim
|
0-0: Ball 1-0: Ball 2-0: Called Strike 2-1: Foul Ball, location: 2F 2-2: Foul Ball, location: 2F 2-2: SINGLE (Groundball, 6MD, EV 109.4 MPH)
|
|
Batting: RHB Manny Vizzerra
|
0-0: Ball 1-0: Fly out, F7 (Flyball, 78M, EV 83.8 MPH)
|
| Top of the 1st over - 0 runs, 1 hit, 0 errors, 1 left on base; Vermont 0 - Aberdeen 0 |
| BOTTOM OF THE 1ST |
|
Aberdeen Ironbirds batting - Pitching for Vermont Lake Monsters : RHP Eric Stevenson
|
|
Pitching: RHP Eric Stevenson
|
|
|
Batting: LHB Miguel Medina
|
0-0: Foul Ball, location: 2F 0-1: Called Strike 0-2: Ball 1-2: Foul Ball, location: 2F 1-2: Foul Ball, location: 2F 1-2: Ball 2-2: Ball 3-2: Base on Balls
|
|
Batting: RHB Tony Godley
|
0-0: Ball 1-0: Ball 2-0: Called Strike 2-1: Foul Ball, location: 2F 2-2: Fly out, F9 (Flyball, 89S, EV 87.5 MPH)
|
|
Batting: LHB Adam Oldfield
|
0-0: Ball 1-0: Ball 2-0: Fielders Choice at 2nd, 1-6 (Groundball, 34S, EV 61.9 MPH)
|
|
Batting: RHB Daniel Jackson
|
0-0: Ball 1-0: Foul Ball, location: 2F 1-1: Ball 2-1: Ball 3-1: Foul Ball, location: 2F 3-2: Strikes out looking
|
| Bottom of the 1st over - 0 runs, 0 hits, 0 errors, 1 left on base; Vermont 0 - Aberdeen 0 |
| TOP OF THE 2ND |
|
Vermont Lake Monsters batting - Pitching for Aberdeen Ironbirds : LHP Freddy Gutierrez
|
|
Batting: LHB Cy Ostrowski
|
0-0: Ball 1-0: Ball 2-0: Foul Ball, location: 2F 2-1: Foul Ball, location: 2F 2-2: Strikes out swinging
|
|
Batting: RHB Manny Moron
|
0-0: SINGLE (Groundball, 6S, EV 73.1 MPH) (infield hit)
|
|
Batting: RHB Brian Rathbun
|
0-0: Called Strike Manny Moron steals 2nd base 0-1: Ball 1-1: Called Strike Manny Moron steals 3rd base 1-2: Ball Wild Pitch! Manny Moron scores 2-2: Ball 3-2: Base on Balls
|
|
Batting: RHB Hidetada Iba
|
0-0: Foul Ball, location: 2F 0-1: Ball 1-1: Swinging Strike 1-2: Ball 2-2: Ball 3-2: Foul Ball, location: 2F 3-2: Foul Ball, location: 2F 3-2: Strikes out swinging
|
|
Batting: RHB Justin Menotti
|
0-0: Fielders Choice at 2nd, 6-4 (Groundball, 6, EV 83.8 MPH)
|
| Top of the 2nd over - 1 run, 1 hit, 0 errors, 1 left on base; Vermont 1 - Aberdeen 0 |
| BOTTOM OF THE 2ND |
|
Aberdeen Ironbirds batting - Pitching for Vermont Lake Monsters : RHP Eric Stevenson
|
|
Batting: RHB Ray Sims
|
0-0: Called Strike 0-1: Swinging Strike 0-2: Ball 1-2: Strikes out swinging
|
|
Batting: RHB Hunter Neumann
|
0-0: Called Strike 0-1: Swinging Strike 0-2: Ball 1-2: Strikes out looking
|
|
Batting: LHB Shane Cruse
|
0-0: Ball 1-0: Called Strike 1-1: Foul Ball, location: 2F 1-2: Foul Ball, location: 2F 1-2: Ball 2-2: Strikes out swinging
|
| Bottom of the 2nd over - 0 runs, 0 hits, 0 errors, 0 left on base; Vermont 1 - Aberdeen 0 |
| TOP OF THE 3RD |
|
Vermont Lake Monsters batting - Pitching for Aberdeen Ironbirds : LHP Freddy Gutierrez
|
|
Batting: RHB Carlos Martinez
|
0-0: Ball 1-0: Called Strike 1-1: Swinging Strike 1-2: Strikes out swinging
|
|
Batting: RHB Bastiaan Leenders
|
0-0: Ball 1-0: Foul Ball, location: 2F 1-1: Ball 2-1: Foul Ball, location: 2F 2-2: Strikes out swinging
|
|
Batting: RHB Edgar Landim
|
0-0: Called Strike 0-1: Ball 1-1: Foul Ball, location: 2F 1-2: Ball 2-2: Strikes out swinging
|
| Top of the 3rd over - 0 runs, 0 hits, 0 errors, 0 left on base; Vermont 1 - Aberdeen 0 |
| BOTTOM OF THE 3RD |
|
Aberdeen Ironbirds batting - Pitching for Vermont Lake Monsters : RHP Eric Stevenson
|
|
Batting: RHB Matt Berrier
|
0-0: Swinging Strike 0-1: SINGLE (Line Drive, 89S, EV 98.8 MPH)
|
|
Batting: RHB Honório Szenes
|
0-0: Swinging Strike 0-1: Foul Ball, location: 2F 0-2: Ball 1-2: Fielders Choice at 2nd, 5-4 (Groundball, 56, EV 91.2 MPH)
|
|
Batting: LHB Miguel Medina
|
0-0: Called Strike 0-1: Swinging Strike 0-2: Foul Ball, location: 2F 0-2: Strikes out swinging
|
|
Batting: RHB Tony Godley
|
0-0: Ball 1-0: Ball 2-0: Ball 3-0: Called Strike 3-1: Called Strike 3-2: Ground out 6-3 (Groundball, 6M, EV 96.9 MPH)
|
| Bottom of the 3rd over - 0 runs, 1 hit, 0 errors, 1 left on base; Vermont 1 - Aberdeen 0 |
| TOP OF THE 4TH |
|
Vermont Lake Monsters batting - Pitching for Aberdeen Ironbirds : LHP Freddy Gutierrez
|
|
Batting: RHB Manny Vizzerra
|
0-0: Called Strike 0-1: Ball 1-1: Ball 2-1: Ground out 4-3 (Groundball, 4, EV 105.6 MPH)
|
|
Batting: LHB Cy Ostrowski
|
0-0: Foul Ball, location: 2F 0-1: Hit by Pitch
|
|
Batting: RHB Manny Moron
|
0-0: Foul Ball, location: 2F 0-1: Ball 1-1: Swinging Strike 1-2: Strikes out swinging
|
|
Batting: RHB Brian Rathbun
|
0-0: Called Strike 0-1: Ball 1-1: Swinging Strike 1-2: Foul Ball, location: 2F 1-2: Strikes out swinging
|
| Top of the 4th over - 0 runs, 0 hits, 0 errors, 1 left on base; Vermont 1 - Aberdeen 0 |
| BOTTOM OF THE 4TH |
|
Aberdeen Ironbirds batting - Pitching for Vermont Lake Monsters : RHP Eric Stevenson
|
|
Batting: LHB Adam Oldfield
|
0-0: Called Strike 0-1: Ball 1-1: Ball 2-1: Ground out 3-1 (Groundball, 34, EV 90.6 MPH)
|
|
Batting: RHB Daniel Jackson
|
0-0: Ball 1-0: Foul Ball, location: 2F 1-1: Ball 2-1: Ball 3-1: Called Strike 3-2: Fly out, F9 (Line Drive, 9LD, EV 92.5 MPH)
|
|
Batting: RHB Ray Sims
|
0-0: Called Strike 0-1: SINGLE (Line Drive, 34D, EV 103.8 MPH)
|
|
Batting: RHB Hunter Neumann
|
0-0: Called Strike 0-1: Ball 1-1: Foul Ball, location: 2F 1-2: Ball 2-2: Ball 3-2: SINGLE (Groundball, 6S, EV 60.6 MPH) (infield hit) Ray Sims to second
|
|
Batting: LHB Shane Cruse
|
0-0: Called Strike 0-1: Swinging Strike 0-2: Ball 1-2: Strikes out swinging
|
| Bottom of the 4th over - 0 runs, 2 hits, 0 errors, 2 left on base; Vermont 1 - Aberdeen 0 |
| TOP OF THE 5TH |
|
Vermont Lake Monsters batting - Pitching for Aberdeen Ironbirds : LHP Freddy Gutierrez
|
|
Batting: RHB Hidetada Iba
|
0-0: Ground out 6-3 (Groundball, 6S, EV 83.1 MPH)
|
|
Batting: RHB Justin Menotti
|
0-0: Ball 1-0: Foul Ball, location: 9LSF, Error on foul ball, E9 1-1: Foul Ball, location: 2F 1-2: Foul Ball, location: 2F 1-2: Ball 2-2: Ball 3-2: SINGLE (Line Drive, 6MD, EV 106.9 MPH)
|
|
Batting: RHB Carlos Martinez
|
0-0: Foul Ball, location: 2F 0-1: Ground out 5-3 (Groundball, 56, EV 91.9 MPH) Justin Menotti to second
|
|
Batting: RHB Bastiaan Leenders
|
0-0: Called Strike 0-1: Ball 1-1: Called Strike 1-2: Foul Ball, location: 2F 1-2: Ball 2-2: Ground out 6-3 (Groundball, 6M, EV 79.4 MPH)
|
| Top of the 5th over - 0 runs, 1 hit, 1 error, 1 left on base; Vermont 1 - Aberdeen 0 |
| BOTTOM OF THE 5TH |
|
Aberdeen Ironbirds batting - Pitching for Vermont Lake Monsters : RHP Eric Stevenson
|
|
Batting: RHB Matt Berrier
|
0-0: Ball 1-0: Ball 2-0: Swinging Strike 2-1: Foul Ball, location: 2F 2-2: Strikes out looking
|
|
Batting: RHB Honório Szenes
|
0-0: Ball 1-0: Foul Ball, location: 2F 1-1: SINGLE (Groundball, 34D, EV 103.1 MPH)
|
|
Batting: LHB Miguel Medina
|
0-0: Ball 1-0: Ball 2-0: Foul Ball, location: 2F 2-1: Called Strike 2-2: Strikes out looking
|
|
Batting: RHB Tony Godley
|
0-0: Ball 1-0: Ball 2-0: Called Strike 2-1: Foul Ball, location: 2F 2-2: Ball 3-2: SINGLE (Flyball, 7LS, EV 90.6 MPH) Honório Szenes to second Honório Szenes to third
|
|
Batting: LHB Adam Oldfield
|
0-0: Ball 1-0: Ball 2-0: Ball Tony Godley steals 2nd base 3-0: Called Strike 3-1: Foul Ball, location: 2F 3-2: Ground out 4-3 (Groundball, 4, EV 86.9 MPH)
|
| Bottom of the 5th over - 0 runs, 2 hits, 0 errors, 2 left on base; Vermont 1 - Aberdeen 0 |
| TOP OF THE 6TH |
|
Vermont Lake Monsters batting - Pitching for Aberdeen Ironbirds : LHP Freddy Gutierrez
|
|
Batting: RHB Edgar Landim
|
0-0: Ball 1-0: DOUBLE (Groundball, 3L, EV 107.5 MPH)
|
|
Batting: RHB Manny Vizzerra
|
0-0: Intentional Walk
|
|
Batting: LHB Cy Ostrowski
|
0-0: Hit by Pitch Edgar Landim to third Manny Vizzerra to second
|
|
Batting: RHB Manny Moron
|
0-0: Ball Wild Pitch! Edgar Landim scores Manny Vizzerra to third Cy Ostrowski to second 1-0: Intentional Walk
|
|
Batting: RHB Brian Rathbun
|
0-0: Called Strike 0-1: Grounds into fielders choice 1-2 (Groundball, 15S, EV 65.6 MPH) Cy Ostrowski to third Manny Moron to second
|
|
Batting: RHB Hidetada Iba
|
0-0: Called Strike 0-1: Ball 1-1: Swinging Strike 1-2: Hit by Pitch Cy Ostrowski scores Manny Moron to third Brian Rathbun to second
|
|
Pitching: RHP Jon Grason
|
|
|
Batting: RHB Justin Menotti
|
0-0: Ball 1-0: Foul Ball, location: 2F 1-1: Swinging Strike 1-2: Grounds into fielders choice 5-2 (Groundball, 5, EV 100.0 MPH) Brian Rathbun to third Hidetada Iba to second
|
|
Batting: RHB Carlos Martinez
|
0-0: SINGLE (Groundball, 6MD, EV 95.0 MPH) Brian Rathbun scores Hidetada Iba to third Justin Menotti to second Runner from 3rd tries for Home, throw by CF and OUT! 8-2
|
| Top of the 6th over - 3 runs, 2 hits, 0 errors, 2 left on base; Vermont 4 - Aberdeen 0 |
| BOTTOM OF THE 6TH |
|
Aberdeen Ironbirds batting - Pitching for Vermont Lake Monsters : RHP Eric Stevenson
|
|
Batting: RHB Daniel Jackson
|
0-0: Called Strike 0-1: Foul Ball, location: 2F 0-2: Strikes out swinging
|
|
Batting: RHB Ray Sims
|
0-0: Foul Ball, location: 2F 0-1: Ball 1-1: Swinging Strike 1-2: SINGLE (Groundball, 4MD, EV 101.9 MPH)
|
|
Pitching: LHP David Rodriguez
|
|
|
Batting: RHB Hunter Neumann
|
0-0: Foul Ball, location: 2F 0-1: Called Strike 0-2: Ball 1-2: Ball 2-2: Strikes out looking
|
|
Batting: LHB Shane Cruse
|
0-0: Ball Wild Pitch! Ray Sims to second 1-0: DOUBLE (Line Drive, 9LM, EV 106.9 MPH) Ray Sims scores
|
|
Batting: RHB Matt Berrier
|
0-0: Swinging Strike 0-1: Ball 1-1: Ball 2-1: Called Strike 2-2: Fly out, F7 (Flyball, 7, EV 84.4 MPH)
|
| Bottom of the 6th over - 1 run, 2 hits, 0 errors, 1 left on base; Vermont 4 - Aberdeen 1 |
| TOP OF THE 7TH |
|
Vermont Lake Monsters batting - Pitching for Aberdeen Ironbirds : RHP Jon Grason
|
|
Batting: RHB Bastiaan Leenders
|
0-0: Ball 1-0: Called Strike 1-1: Foul Ball, location: 2F 1-2: Strikes out looking
|
|
Batting: RHB Edgar Landim
|
0-0: Ball 1-0: Called Strike 1-1: Ground out 4-3 (Groundball, 4S, EV 68.1 MPH)
|
|
Batting: RHB Manny Vizzerra
|
0-0: Swinging Strike 0-1: Ball 1-1: Ball 2-1: Called Strike 2-2: SINGLE (Groundball, 56D, EV 95.0 MPH)
|
|
Batting: LHB Cy Ostrowski
|
0-0: Ball Wild Pitch! Manny Vizzerra to second 1-0: Intentional Walk
|
|
Batting: RHB Manny Moron
|
0-0: Called Strike 0-1: Swinging Strike 0-2: Ball 1-2: Ball 2-2: Foul Ball, location: 2F 2-2: Ball 3-2: Foul Ball, location: 2F 3-2: Fly out, F8 (Flyball, 89D, EV 92.5 MPH)
|
| Top of the 7th over - 0 runs, 1 hit, 0 errors, 2 left on base; Vermont 4 - Aberdeen 1 |
| BOTTOM OF THE 7TH |
|
Aberdeen Ironbirds batting - Pitching for Vermont Lake Monsters : LHP David Rodriguez
|
|
Batting: RHB Honório Szenes
|
0-0: Ball 1-0: Called Strike 1-1: Called Strike 1-2: DOUBLE (Flyball, 8RXD, EV 109.4 MPH)
|
|
Batting: LHB Miguel Medina
|
0-0: Called Strike 0-1: SINGLE (Groundball, 34S, EV 70.6 MPH) (infield hit) Honório Szenes to third
|
|
Batting: RHB Tony Godley
|
0-0: Swinging Strike 0-1: DOUBLE (Line Drive, 89XD, EV 104.4 MPH) Honório Szenes scores Miguel Medina to third
|
|
Pinch Hitting: RHB Jeremy Sipe
|
0-0: Ball 1-0: Called Strike 1-1: Ground out 4-3 (Groundball, 4, EV 85.0 MPH) Miguel Medina scores Tony Godley to third
|
|
Batting: RHB Daniel Jackson
|
0-0: Called Strike 0-1: Ball 1-1: Called Strike 1-2: Strikes out swinging
|
|
Batting: RHB Ray Sims
|
0-0: DOUBLE (Flyball, 89XD, EV 111.2 MPH) Tony Godley scores
|
|
Pitching: RHP Jake Gregor
|
|
|
Batting: RHB Hunter Neumann
|
0-0: Swinging Strike 0-1: Ball 1-1: Fly out, F7 (Line Drive, 7, EV 104.4 MPH)
|
| Bottom of the 7th over - 3 runs, 4 hits, 0 errors, 1 left on base; Vermont 4 - Aberdeen 4 |
| TOP OF THE 8TH |
|
Vermont Lake Monsters batting - Pitching for Aberdeen Ironbirds : RHP Jon Grason
|
|
DELAY
|
Rain delay of 24 minutes in the 8th inning.
|
|
Pitching: LHP Justin Hinton
|
|
|
Now at 1B: Jeremy Sipe
|
|
|
Now at 2B: Miguel Medina
|
|
|
Now in CF: Tony Godley
|
|
|
Batting: RHB Brian Rathbun
|
0-0: Ball 1-0: Fly out, F9 (Flyball, 9D, EV 93.1 MPH)
|
|
Batting: RHB Hidetada Iba
|
0-0: Foul Ball, location: 2F 0-1: Foul Ball, location: 2F 0-2: Ball 1-2: Ball 2-2: Foul Ball, location: 2F 2-2: Foul Ball, location: 2F 2-2: Ball 3-2: Fly out, F4 (Line Drive, 4M, EV 68.8 MPH)
|
|
Batting: RHB Justin Menotti
|
0-0: Ground out 3-1 (Groundball, 34S, EV 81.9 MPH)
|
| Top of the 8th over - 0 runs, 0 hits, 0 errors, 0 left on base; Vermont 4 - Aberdeen 4 |
| BOTTOM OF THE 8TH |
|
Aberdeen Ironbirds batting - Pitching for Vermont Lake Monsters : RHP Jake Gregor
|
|
Batting: LHB Shane Cruse
|
0-0: Called Strike 0-1: Called Strike 0-2: Strikes out swinging
|
|
Pinch Hitting: LHB Tomas de Zeeuw
|
0-0: Ball 1-0: Ground out 4-3 (Groundball, 4MS, EV 77.5 MPH)
|
|
Batting: RHB Honório Szenes
|
0-0: Called Strike 0-1: Fly out, F9 (Flyball, 9, EV 86.9 MPH)
|
| Bottom of the 8th over - 0 runs, 0 hits, 0 errors, 0 left on base; Vermont 4 - Aberdeen 4 |
| TOP OF THE 9TH |
|
Vermont Lake Monsters batting - Pitching for Aberdeen Ironbirds : LHP Justin Hinton
|
|
Now at 3B: Honório Szenes
|
|
|
Now at SS: Ray Sims
|
|
|
Now in LF: Tomas de Zeeuw
|
|
|
Batting: RHB Carlos Martinez
|
0-0: Foul Ball, location: 2F 0-1: Called Strike 0-2: Strikes out swinging
|
|
Batting: RHB Bastiaan Leenders
|
0-0: Swinging Strike 0-1: Called Strike 0-2: Ball 1-2: Fly out, F8 (Flyball, 8LM, EV 83.1 MPH)
|
|
Batting: RHB Edgar Landim
|
0-0: Ball 1-0: Called Strike 1-1: Swinging Strike 1-2: Ball 2-2: Foul Ball, location: 2F 2-2: Strikes out swinging
|
| Top of the 9th over - 0 runs, 0 hits, 0 errors, 0 left on base; Vermont 4 - Aberdeen 4 |
| BOTTOM OF THE 9TH |
|
Aberdeen Ironbirds batting - Pitching for Vermont Lake Monsters : RHP Jake Gregor
|
|
Batting: LHB Miguel Medina
|
0-0: Foul Ball, location: 2F 0-1: Ball 1-1: Ball 2-1: Foul Ball, location: 2F 2-2: Strikes out looking
|
|
Batting: RHB Tony Godley
|
0-0: Called Strike 0-1: Hit by Pitch
|
|
Batting: RHB Jeremy Sipe
|
0-0: Ball 1-0: Ball 2-0: Foul Ball, location: 2F 2-1: Called Strike 2-2: Ball 3-2: Strikes out looking
|
|
Batting: RHB Daniel Jackson
|
0-0: Ball 1-0: Swinging Strike 1-1: Swinging Strike 1-2: Foul Ball, location: 2F 1-2: Fly out, F5 (Line Drive, 5, EV 72.5 MPH)
|
| Bottom of the 9th over - 0 runs, 0 hits, 0 errors, 1 left on base; Vermont 4 - Aberdeen 4 |
| TOP OF THE 10TH |
|
Vermont Lake Monsters batting - Pitching for Aberdeen Ironbirds : LHP Justin Hinton
|
|
Pitching: RHP Chris Kimura
|
|
|
Batting: RHB Manny Vizzerra
|
0-0: Ball 1-0: Called Strike 1-1: Ball 2-1: TRIPLE (Flyball, 89XD, EV 107.5 MPH)
|
|
Batting: LHB Cy Ostrowski
|
0-0: Intentional Walk
|
|
Batting: RHB Manny Moron
|
0-0: Ball 1-0: SINGLE (Line Drive, 56D, EV 100.0 MPH) Manny Vizzerra scores Cy Ostrowski to second
|
|
Pinch Hitting: LHB Miguel Torres
|
0-0: Foul Ball, location: 2F 0-1: Grounds into double play, 5-4-3 (Groundball, 56, EV 104.4 MPH) Cy Ostrowski to third
|
|
Batting: RHB Hidetada Iba
|
0-0: Intentional Walk
|
|
Pinch Hitting: LHB Oscar Rodriguez
|
0-0: Ball 1-0: Ball 2-0: Swinging Strike 2-1: Called Strike 2-2: Ball 3-2: Foul Ball, location: 2F 3-2: Foul Ball, location: 2F 3-2: Strikes out swinging
|
| Top of the 10th over - 1 run, 2 hits, 0 errors, 2 left on base; Vermont 5 - Aberdeen 4 |
| BOTTOM OF THE 10TH |
|
Aberdeen Ironbirds batting - Pitching for Vermont Lake Monsters : RHP Jake Gregor
|
|
Pitching: RHP Joe Spampinato
|
|
|
Now at C: Liangde Tseng
|
|
|
Now at 2B: Hidetada Iba
|
|
|
Now at SS: Manny Moron
|
|
|
Now in LF: Mario Ramos
|
|
|
Batting: RHB Ray Sims
|
0-0: Ball 1-0: Called Strike 1-1: Foul Ball, location: 2F 1-2: Strikes out swinging
|
|
Batting: RHB Hunter Neumann
|
0-0: Ball 1-0: Called Strike 1-1: Called Strike 1-2: Strikes out swinging
|
|
Pinch Hitting: RHB Mike Zepeda
|
0-0: Ball 1-0: Foul Ball, location: 2F 1-1: Called Strike 1-2: Ground out 5-3 (Groundball, 5L, EV 83.1 MPH)
|
| Bottom of the 10th over - 0 runs, 0 hits, 0 errors, 0 left on base; Vermont 5 - Aberdeen 4 |
|